 Dungeon Crawl Stone Soup version 0.29.1-13-g9f3cf754e1 (webtiles) character file.

Game seed: 10935873926144325322

212 iamoutofideas the Magician (level 5, -8/28 HPs)
             Began as a Deep Elf Air Elementalist on Jan 30, 2023.
             Mangled by a gnoll
             ... wielding a +2 halberd of flaming
             ... led by a gnoll bouda
              (13 damage)
             ... on level 3 of the Dungeon.
             The game lasted 00:04:33 (3640 turns).

iamoutofideas the Magician (DEAE)                   Turns: 3640, Time: 00:04:34

Health: -8/28      AC:  4    Str: 11    XL:     5   Next: 58%
Magic:  5/15       EV: 16    Int: 22    God:
Gold:   173        SH:  0    Dex: 18    Spells: 10/16 levels left

rFire   . . .      SeeInvis .   (no weapon)
rCold   . . .      Faith    .   (no shield)
rNeg    . . .      Spirit   .   i - +0 leather armour
rPois   .          Reflect  .   (no helmet)
rElec   .          Harm     .   (no cloak)
rCorr   .          Rampage  .   m - +0 pair of gloves
Will    .....                   (no boots)
Stlth   ++........              (no amulet)
HPRegen 0.09/turn               j - ring of the Pharaoh's Fist {EV+4 Str+6 Dex+3}
MPRegen 0.14/turn               (no ring)

@: no status effects
A: no striking features
a: no special abilities


You were on level 3 of the Dungeon.
You visited 1 branch of the dungeon, and saw 3 of its levels.

You collected 173 gold pieces.

Inventory:

Armour
 a - a +0 robe
 i - a +0 leather armour (worn)
 m - a +0 pair of gloves (worn)
Jewellery
 j - the ring of the Pharaoh's Fist (left hand) {EV+4 Str+6 Dex+3}
   (You found it on level 2 of the Dungeon)

   [ring of evasion]

   EV:        It affects your evasion (+4).
   Str:       It affects your strength (+6).
   Dex:       It affects your dexterity (+3).
Scrolls
 c - 2 scrolls of butterflies {unknown}
 d - a scroll of enchant weapon {unknown}
 e - a scroll of teleportation {unknown}
 g - 3 scrolls of enchant armour {unknown}
 h - a scroll of blinking {unknown}
 k - a scroll of identify {unknown}
 l - a scroll of magic mapping {unknown}
 n - a scroll of immolation {unknown}
 o - a scroll of poison {unknown}
 q - a scroll of silence {unknown}
 r - a scroll of fear {unknown}
Potions
 b - a potion of magic
 f - a potion of flight {unknown}
 p - a potion of brilliance {unknown}
 s - a potion of cancellation {unknown}


   Skills:
 + Level 0.8 Armour
 + Level 2.5 Dodging
 + Level 2.5 Stealth
 * Level 6.1 Spellcasting
 + Level 1.8 Conjurations
 + Level 4.3 Air Magic


You had 10 spell levels left.
You knew the following spells:

 Your Spells              Type           Power      Damage    Failure   Level
a - Shock                 Conj/Air       80%        1d8       3%          1
b - Static Discharge      Conj/Air       20%        3-6/arc   4%          2
c - Swiftness             Air            25%        N/A       6%          3

Your spell library contained the following spells:

 Spells                   Type           Power      Damage    Failure   Level
 Airstrike                Air            12%        2d(2-18)  21%         4


Dungeon Overview and Level Annotations

Branches:
Dungeon (3/15)

Altars:
Hepliaklqana
Kikubaaqudgha
Makhleb

Annotations:
D:2 exclusion: downstairs


Message History

Casting: Shock (safe; 3% risk of failure)
Confirm with . or Enter, or press ? or * to list all spells.
The gnoll bouda is struck by an arc of lightning.
You kill the gnoll bouda!
The gnoll is struck by an arc of lightning!
You kill the gnoll!
Your Spellcasting skill increases to level 6!
Unknown command.
Casting: Static Discharge (safe; 4% risk of failure)
Confirm with . or Enter, or press ? or * to list all spells.
Aiming: Shock (safe; 3% risk of failure)
Press: ? - help, Shift-Dir - straight line, f - gnoll
Aim: a gnoll, wielding a +2 halberd of flaming (lightly wounded, covering ground quickly, 75% to hit)
The zap hits the gnoll!
The gnoll is heavily wounded.
The gnoll hits you from afar with a +2 halberd of flaming!
The gnoll burns you.
Casting: Shock (safe; 3% risk of failure)
Confirm with . or Enter, or press ? or * to list all spells.
Aiming: Shock (safe; 3% risk of failure)
Press: ? - help, Shift-Dir - straight line, f/p - gnoll
Aim: a gnoll, wielding a +2 halberd of flaming (heavily wounded, covering ground quickly, 75% to hit)
The zap hits the gnoll.
The gnoll is severely wounded.
The gnoll misses you.
Items here: )) [ †.
Things that are here:
a +0 club; a +0 leather armour; an orc corpse
Casting: Shock (safe; 3% risk of failure)
Confirm with . or Enter, or press ? or * to list all spells.
Aiming: Shock (safe; 3% risk of failure)
Press: ? - help, Shift-Dir - straight line, f/p - gnoll
Aim: a gnoll, wielding a +2 halberd of flaming (severely wounded, covering ground quickly, 75% to hit)
The zap misses the gnoll.
The gnoll hits you from afar with a +2 halberd of flaming!
* * * LOW HITPOINT WARNING * * *
The gnoll burns you.
* * * LOW HITPOINT WARNING * * *
The gnoll hits you from afar with a +2 halberd of flaming!
You die...

..........
..............
.............
≈.._..≈≈≈≈..####.
................ #
...###.....#..######.###
...# #............).)...
...###.....####.........
.....'.....)..g)@...#
..####....)####.#####
..#.###....####.#
..............#.#
..............#.#
#.#.###.......#.# .(#.#
#.......#.# ###.#
#.......#.# #.#
#.......#


You could see a gnoll (swift).

Vanquished Creatures
  A jelly (D:3)
  A gnoll bouda (D:3)
  Terence (D:3)
  4 gnolls
  An adder (D:3)
  2 worms (D:2)
  A dart slug (D:2)
  8 orcs
  3 ball pythons
  3 bats
  5 endoplasms
  A giant cockroach (D:2)
  4 goblins
  4 hobgoblins
  9 jackals
  3 quokkas
  6 kobolds
  4 rats
61 creatures vanquished.

Vanquished Creatures (others)
  A fungus (D:2)
  2 plants (D:2)
3 creatures vanquished.

Grand Total: 64 creatures vanquished

Notes
Turn   | Place    | Note
-------+----------+-------------------------------------------
     0 | D:1      | iamoutofideas the Deep Elf Air Elementalist began the quest
                  | for the Orb.
     0 | D:1      | Reached XP level 1. HP: 10/10 MP: 6/6
   268 | D:1      | Reached XP level 2. HP: 6/15 MP: 5/8
   753 | D:1      | Reached skill level 4 in Spellcasting
  1317 | D:2      | Identified the ring of the Pharaoh's Fist {EV+4 Str+6
                  | Dex+3}
  1346 | D:2      | Found a faded altar of an unknown god.
  1391 | D:2      | Reached XP level 3. HP: 19/19 MP: 5/10
  1812 | D:2      | Found a hazy altar of Hepliaklqana.
  2110 | D:2      | Found the +5 lochaber axe {reach-cleave, poleaxe}
  2140 | D:2      | Learned a level 2 spell: Static Discharge
  2144 | D:2      | Learned a level 3 spell: Swiftness
  2301 | D:3      | Found an ancient bone altar of Kikubaaqudgha.
  2385 | D:3      | Reached skill level 5 in Spellcasting
  2385 | D:3      | Reached XP level 4. HP: 24/24 MP: 9/13
  2775 | D:3      | Noticed Terence
  2782 | D:3      | Killed Terence
  2863 | D:3      | Reached XP level 5. HP: 17/28 MP: 6/15
  2869 | D:3      | Found a burning altar of Makhleb.
  3210 | D:3      | Noticed an Executioner
  3213 | D:3      | Noticed a smoke demon
  3213 | D:3      | Noticed a neqoxec
  3634 | D:3      | Reached skill level 6 in Spellcasting
  3640 | D:3      | Mangled by a gnoll

Illustrated notes

Levels and vault maps discovered:
D:1:      dpeg_arrival_oval, layout_loops_ring
D:2:      layout_rooms, basic_altar,
          dreamdust_ecumenical_altar_hidden_monk_grotto
D:3:      layout_basic, mainiacjoe_overflow_boulevard,
          makhleb_altar_promises_db, skrybe_limestone_x,
          kennysheep_cross_bottleneck, uniq_terence

Skill      XL: |  1  2  3  4  5 |
---------------+----------------+-----
Spellcasting   | 4 5 6 |  6.1
Air Magic      | 4 |  4.3
Armour         | |  0.8
Dodging        | |  2.5
Stealth        | |  2.5
Conjurations   | |  1.8

Action                   |  1- 3 |  4- 6 || total
-------------------------+-------+-------++-------
Melee: Unarmed           |     1 |       ||     1
 Cast: Shock             |    92 |    52 ||   144
       Static Discharge  |       |     8 ||     8
       Swiftness         |       |     1 ||     1
Armor: Robe              |     1 |       ||     1
       Leather armour    |     2 |     1 ||     3
Dodge: Dodged            |     7 |    16 ||    23
